 Dungeon Crawl Stone Soup version 0.23-a0-141-g456867d (webtiles) character file.

2032 Gorice the Archer (level 9, -3/79 HPs)
             Began as a Naga Wanderer on Aug 31, 2018.
             Was a Believer of Cheibriados.
             Slain by a wight
             ... wielding a +7 falchion
              (4 damage)
             ... on level 7 of the Dungeon.
             The game lasted 00:38:27 (6447 turns).

Gorice the Archer (Naga Wanderer)                   Turns: 6447, Time: 00:38:28

Health: -3/79      AC: 10    Str: 21    XL:     9   Next: 24%
Magic:  0/10       EV:  8    Int: 18    God:    Cheibriados [**....]
Gold:   453        SH:  0    Dex: 14    Spells: 10/10 levels left

rFire    . . .     SeeInvis +   b - +2 shortbow
rCold    . . .     Gourm    .   (shield currently unavailable)
rNeg     . . .     Faith    .   c - +0 ring mail
rPois    +         Spirit   +   (no helmet)
rElec    .         Reflect  .   (no cloak)
rCorr    .         Harm     .   F - +0 pair of gloves
MR       +....                  (no barding)
Stlth    +++.......             d - amulet of guardian spirit
HPRegen  0.23/turn              m - +2 ring of protection
MPRegen  0.12/turn              k - +2 ring of protection

@: heavily drained, very slow
A: large, see invisible, deformed body, poison resistance, slowness 2, slow
metabolism 1, spit poison 1, AC +3
a: Spit Poison, Bend Time, Renounce Religion


You were on level 7 of the Dungeon.
You worshipped Cheibriados.
Cheibriados was pleased with you.
You were hungry.

You visited 2 branches of the dungeon, and saw 8 of its levels.

You collected 453 gold pieces.

Inventory:

Hand Weapons
 a - a +2 dagger of venom
   (You took it off a hobgoblin on level 3 of the Dungeon)
 b - a +2 shortbow (weapon)
 i - a +0 trident
 y - a +1 dagger of draining
   (You took it off a goblin on level 1 of the Dungeon)
 E - a +0 battleaxe
 I - a +0 war axe
 K - a +2 vampiric falchion
   (You took it off an orc on level 6 of the Dungeon)
 L - a +0 falchion
Missiles
 o - 83 arrows (quivered)
 v - 8 tomahawks
 w - 8 javelins
 Y - 150 stones
Armour
 c - a +0 ring mail (worn)
 l - a +0 plate armour
 D - a +1 robe of magic resistance
   (You took it off an orc wizard on level 6 of the Dungeon)
 F - a +0 pair of gloves (worn)
Magical Staves
 q - a cursed staff of earth {unknown}
Jewellery
 d - an amulet of guardian spirit (around neck)
 k - a +2 ring of protection (right hand)
 m - a +2 ring of protection (left hand)
 C - an uncursed ring of resist corrosion
Wands
 u - a wand of flame (27)
 z - a wand of paralysis (15)
 G - a wand of enslavement (6)
 H - a wand of polymorph (12)
 N - a wand of iceblast (9)
Scrolls
 e - 2 scrolls of fear {!r}
 n - 5 scrolls of remove curse
 t - 3 scrolls of teleportation {!r}
 A - a scroll of fog
 J - 2 scrolls of amnesia
Potions
 g - a potion of ambrosia
 h - 2 potions of might {!q}
 j - 2 potions of berserk rage
 r - a potion of heal wounds {unknown}
 s - a potion of cancellation {unknown}
 x - a potion of magic {unknown}
 B - 3 potions of haste {!q}
 M - a potion of agility {unknown}
Comestibles
 f - 9 rations
 p - 3 chunks of flesh


   Skills:
 + Level 4.6(3.2) Fighting
 * Level 9.0(7.4) Bows
 - Level 8.0(6.5) Stealth
   Level 1.0(0.0) Shields
 - Level 1.0(0.0) Spellcasting
   Level 1.0(0.0) Hexes
   Level 3.0(1.6) Earth Magic


You had 10 spell levels left.
You didn't know any spells.
Your spell library contained the following spells:

 Spells                   Type           Power        Failure   Level  Hunger
 Sandblast                Erth           #.....       19%         1    ##.....
 Beastly Appendage        Tmut           #.....       36%         1    ##.....
 Confusing Touch          Hex            #.....       36%         1    ##.....
 Flame Tongue             Conj/Fire      #....        36%         1    ##.....
 Passwall                 Tmut/Erth      #.......     38%         2    ###....
 Sticks to Snakes         Tmut           #.......     50%         2    ###....
 Stone Arrow              Conj/Erth      #.....       63%         3    ####...
 Confuse                  Hex            #.......     73%         3    ####...
 Conjure Flame            Conj/Fire      #.......     73%         3    ####...
 Gell's Gravitas          Tloc           #.........   73%         3    ####...
 Spider Form              Tmut/Pois      #.........   73%         3    ####...
 Petrify                  Tmut/Erth      #.......     95%         4    #####..
 Ice Form                 Ice/Tmut       #.......     98%         4    #####..
 Lee's Rapid Deconstruct  Erth           #.........   99%         5    ######.
 Blade Hands              Tmut           #.........   100%        5    ######.
 Metabolic Englaciation   Hex/Ice        #.........   100%        5    ######.
 Yara's Violent Unravell  Hex/Tmut       #.........   100%        5    ######.


Dungeon Overview and Level Annotations

Branches:
Dungeon (7/15)             Temple (1/1) D:6

Altars:
Ashenzari
Cheibriados
Elyvilon
Fedhas
Hepliaklqana
Kikubaaqudgha
Makhleb
Nemelex Xobeh
Okawaru
Qazlal
Sif Muna
Trog
Uskayaw
Vehumet
Wu Jian
Xom
Yredelemnul
The Shining One


Innate Abilities, Weirdness & Mutations

You cannot wear boots.
Your serpentine skin is tough. (AC +3)
You have supernaturally acute eyesight. (SInv)
Armour fits poorly on your strangely shaped body.
Your system is resistant to poisons. (rPois)
You cover ground very slowly.
You have a slow metabolism.
You can spit poison.


Message History

The wight closely misses you. The wight barely misses you.
Things that are here:
5 arrows; a whip The sentinel's mark upon you fades away.
The crimson imp hits you.
* * * LOW HITPOINT WARNING * * *
A hungry ghost comes into view.
The crimson imp barely misses you.
Damage: 1 (max 10) Unknown command.
The crimson imp barely misses you. The wight barely misses you.
The crimson imp closely misses you. The wight closely misses you.
The crimson imp hits you but does no damage.
The wight hits you from afar with a spear of freezing.
* * * LOW HITPOINT WARNING * * *
You feel drained.
* * * LOW HITPOINT WARNING * * *
The wight freezes you.
* * * LOW HITPOINT WARNING * * *
Damage: 7 (max 10)
The wight hits you with an enchanted falchion.
* * * LOW HITPOINT WARNING * * *
You feel drained.
The crimson imp hits you but does no damage.
The wight hits you but does no damage.
Damage: 1 (max 10) Unknown command.
Okay, then.
The crimson imp blinks!
The hungry ghost closely misses you. The wight hits you but does no damage.
The wight hits you from afar with a spear of freezing.
* * * LOW HITPOINT WARNING * * *
You feel drained. The wight freezes you.
* * * LOW HITPOINT WARNING * * *
The wight hits you from afar with an enchanted halberd.
* * * LOW HITPOINT WARNING * * *
You feel drained.
* * * LOW HITPOINT WARNING * * *
Damage: 10 (max 10) Unknown command.
The crimson imp blinks!
The hungry ghost hits you.
You are feeling hungry.
The wight barely misses you. x2
There is a stone staircase leading up here.
The hungry ghost barely misses you.
The wight hits you with an enchanted falchion!
* * * LOW HITPOINT WARNING * * *
You feel drained.
You die...

###(..###.....#
###..## ##.#
(((...##.....h###...##
#.#
..F................##
##.#
#.................##
#..#
##.......(.......##
#..####
#...(.>.......z##
###....
###.######...zz.#
##... ## ##>.zW.##
#### ####z@.# ###..#
#..# ###


You could see a hungry ghost, a howler monkey and 5 wights.

Vanquished Creatures
  Menkaure (D:5)
  An ice beast (D:6)
  A sky beast (D:3)
  2 phantoms (D:5)
  3 ogres
  2 centaurs
  A crocodile (D:6)
  2 bullfrogs
  A scorpion (D:6)
  A howler monkey (D:6)
  A crimson imp (D:5)
  2 jellies
  A hound (D:3)
  7 orc wizards
  A bullfrog zombie (D:6)
  2 orc priests
  A centaur skeleton (D:6)
  2 worker ants
  An iguana (D:6)
  A howler monkey zombie (D:6)
  A worker ant zombie (D:6)
  7 gnolls (D:2)
  13 adders
  2 oozes
  An adder zombie (D:6)
  An adder skeleton (D:4)
  3 worms
  2 dart slugs
  A leopard gecko (D:5)
  24 orcs
  4 giant cockroaches
  8 hobgoblins
  6 jackals
  6 quokkas
  2 ball pythons
  5 bats
  4 frilled lizards
  5 goblins
  6 kobolds
  7 rats
142 creatures vanquished.

Notes
Turn   | Place    | Note
-------+----------+-------------------------------------------
     0 | D:1      | Gorice the Naga Wanderer began the quest for the Orb.
     0 | D:1      | Gorice set off with: a +2 shortbow, 23 arrows, a +0 ring
                  | mail, a ration
     0 | D:1      | Reached XP level 1. HP: 18/18 MP: 2/2
    23 | D:1      | Reached skill level 2 in Stealth
   167 | D:1      | Reached skill level 2 in Bows
   345 | D:1      | Reached XP level 2. HP: 17/25 MP: 1/3
   574 | D:1      | Reached skill level 3 in Stealth
  1119 | D:2      | Reached XP level 3. HP: 31/31 MP: 4/4
  1236 | D:2      | Noticed a centaur
  1250 | D:2      | HP: 7/31 [centaur (4)]
  1251 | D:2      | Killed a centaur
  1251 | D:2      | Reached skill level 3 in Bows
  1251 | D:2      | Reached skill level 4 in Stealth
  1251 | D:2      | Reached XP level 4. HP: 8/38 MP: 1/5
  1558 | D:2      | Reached XP level 5. HP: 44/44 MP: 6/6
  1881 | D:2      | Reached skill level 4 in Bows
  1881 | D:2      | Reached skill level 5 in Stealth
  2422 | D:3      | Noticed a sky beast
  2434 | D:3      | Killed a sky beast
  2434 | D:3      | Reached skill level 6 in Stealth
  2434 | D:3      | Reached XP level 6. HP: 35/51 MP: 5/7
  2565 | D:3      | Reached skill level 5 in Bows
  3016 | D:4      | Reached XP level 7. HP: 57/57 MP: 8/8
  3047 | D:4      | Reached skill level 7 in Stealth
  3595 | D:4      | Reached skill level 6 in Bows
  3752 | D:5      | Entered Level 5 of the Dungeon
  4098 | D:5      | Reached skill level 8 in Stealth
  4219 | D:5      | Reached XP level 8. HP: 51/64 MP: 9/9
  4227 | D:5      | Noticed Menkaure
  4271 | D:5      | Killed Menkaure
  4271 | D:5      | Reached skill level 2 in Fighting
  4271 | D:5      | Reached skill level 7 in Bows
  5142 | D:6      | Found a staircase to the Ecumenical Temple.
  5155 | D:6      | Reached skill level 3 in Fighting
  5207 | Temple   | Entered the Ecumenical Temple
  5403 | Temple   | Became a worshipper of Cheibriados the Contemplative
  5641 | D:6      | Reached skill level 8 in Bows
  5669 | D:6      | Reached * piety under Cheibriados
  5711 | D:6      | Reached skill level 4 in Fighting
  5711 | D:6      | Reached XP level 9. HP: 33/78 MP: 5/10
  6424 | D:7      | Reached ** piety under Cheibriados
  6424 | D:7      | Reached skill level 9 in Bows
  6440 | D:7      | HP: 23/79 [crimson imp (1)]
  6445 | D:7      | HP: 12/79 [wight/spear of freezing (4)]
  6447 | D:7      | HP: 1/79 [wight/enchanted falchion (6)]
  6447 | D:7      | Slain by a wight

Vault maps used:
D:1:      grunt_arrival_lava_bath
D:2:      first_ration, minivault_4
D:3:      grunt_ministairs_15
D:5:      nicolae_overflow_hidden_temple, uniq_menkaure
D:6:      hangedman_cross_stitches, minmay_temple_entry_water_ring
D:7:      zin_angel, nemelex_xobeh_ov_fountains_minmay
Temple:   dpeg_five_rooms_temple

Skill      XL: |  1  2  3  4  5  6  7  8  9 |
---------------+----------------------------+-----
Stealth        | 2 3 4 6 8 |  8.0
Bows           | 2 3 4 5 6 8 9 |  9.0
Fighting       | 4 |  4.6
Shields        | |  1.0
Spellcasting   | |  1.0
Hexes          | |  1.0
Earth Magic    | |  3.0

Action                   |  1- 3 |  4- 6 |  7- 9 || total
-------------------------+-------+-------+-------++-------
Melee: Dagger            |     4 |    31 |    82 ||   117
 Fire: Shortbow          |    50 |   142 |   250 ||   442
Invok: Bend Time         |       |       |     1 ||     1
 Abil: Spit Poison       |       |       |     1 ||     1
Evoke: Wand              |       |       |     2 ||     2
  Use: Scroll            |     5 |     4 |     7 ||    16
 Stab: Sleeping          |       |     1 |       ||     1
       Paralysed         |       |       |     1 ||     1
  Eat: Chunk             |       |     5 |     8 ||    13
Armor: Ring mail         |     3 |    36 |   136 ||   175
Dodge: Dodged            |    11 |    23 |   110 ||   144

Table legend:
 A = Non-vault XP
 B = Vault XP
 C = Vault XP percentage of total XP
 D = Non-vault monster count
 E = Vault monster count
 F = Vault count percentage of total count
                 A         B        C        D         E       F
            +---------+---------+-------+---------+---------+-------
      Total |    2241 |     663 |  22.8 |     128 |      14 |   9.9
            +---------+---------+-------+---------+---------+-------
        D:1 |      30 |       0 |   0.0 |      15 |       0 |   0.0
        D:2 |     270 |       0 |   0.0 |      29 |       0 |   0.0
        D:3 |     255 |       3 |   1.2 |      24 |       2 |   7.7
        D:4 |     319 |       0 |   0.0 |      13 |       0 |   0.0
        D:5 |     683 |     183 |  21.1 |      18 |       1 |   5.3
        D:6 |     507 |     477 |  48.5 |      26 |      11 |  29.7
        D:7 |     177 |       0 |   0.0 |       3 |       0 |   0.0
            +---------+---------+-------+---------+---------+-------

Table legend:
 A = Turns spent in this place as a percentage of turns spent in the entire game.
 B = Non-inter-level travel turns spent in this place as a percentage of non-inter-level travel turns spent in the entire game.
 C = Inter-level travel turns spent in this place as a percentage of turns spent in this place.
 D = Turns resting spent in this place as a percentage of non-inter-level travel turns spent in this place.
 E = Turns spent auto-exploring this place as a percentage of non-inter-level travel turns spent in this place.
 F = Non-inter-level travel turns spent in this place divided by the number of levels of this place that you've seen.
                   A       B       C       D       E      F
               +-------+-------+-------+-------+-------+----------------------
         Total | 100.0 | 100.0 |   7.9 |  19.4 |  40.9 | 742.1
       Dungeon |  96.2 |  96.7 |   7.4 |  20.0 |  39.0 | 820.0
        Temple |   3.8 |   3.3 |  20.6 |   0.0 |  97.5 | 197.0
               +-------+-------+-------+-------+-------+----------------------

Vault maps used:
D:1:      grunt_arrival_lava_bath
D:2:      first_ration, minivault_4
D:3:      grunt_ministairs_15
D:5:      nicolae_overflow_hidden_temple, uniq_menkaure
D:6:      hangedman_cross_stitches, minmay_temple_entry_water_ring
D:7:      zin_angel, nemelex_xobeh_ov_fountains_minmay
Temple:   dpeg_five_rooms_temple
